 Dungeon Crawl Stone Soup version 0.26.1-11-gd32895ea62 (webtiles) character file.

Game seed: 15211412043630606617

22 Zeld the Twirler (level 2, -5/19 HPs)
             Began as an Octopode Gladiator on May 22, 2021.
             Killed by divine providence
             ... invoked by an orc priest
              (12 damage)
             ... on level 4 of the Dungeon.
             The game lasted 00:01:12 (697 turns).

Zeld the Twirler (Octopode Gladiator)                Turns: 697, Time: 00:01:12

Health: -5/19      AC:  1    Str: 13    XL:     2   Next: 91%
Magic:  2/2        EV: 14    Int: 10    God:
Gold:   12         SH:  0    Dex: 13    Spells: 1/1 levels left

rFire    . . .     SeeInvis .   a - +0 quarterstaff
rCold    . . .     Faith    .   (shield currently unavailable)
rNeg     . . .     Spirit   .   b - +0 hat
rPois    .         Reflect  .   (no amulet)
rElec    .         Harm     .   (no ring)
rCorr    .         Rampage  .   (no ring)
Will     .....                  (no ring)
Stlth    ++........             (no ring)
HPRegen  0.06/turn              (no ring)
MPRegen  0.08/turn              (no ring)
                                (no ring)
                                (no ring)

@: no status effects
A: almost no armour, stealthy swim, amphibious, 8 rings, constrict 8, camouflage
1, gelatinous body 1
a: no special abilities


You were on level 4 of the Dungeon.
You visited 1 branch of the dungeon, and saw 4 of its levels.

You collected 12 gold pieces.

Inventory:

Hand Weapons
 a - a +0 quarterstaff (weapon)
Missiles
 c - 3 throwing nets (quivered)
Armour
 b - a +0 hat (worn)
Scrolls
 d - a scroll of immolation {unknown}
Potions
 e - a potion of degeneration {unknown}
 f - a potion of flight {unknown}
 g - a potion of might {unknown}


   Skills:
 - Level 2.0 Fighting
 * Level 4.0 Staves
 - Level 2.0 Throwing
 - Level 3.0 Dodging


You had one spell level left.
You didn't know any spells.
Your spell library was empty.

Dungeon Overview and Level Annotations

Branches:
Dungeon (4/15)
 Temple: D:4-7

Altars:
The Shining One

Annotations:
D:3 Robin, Terence
D:4 Pikel


Innate Abilities, Weirdness & Mutations

You cannot wear most types of armour.
You are very stealthy in the water. (Stealth+)
You are amphibious.
You can wear up to eight rings at the same time.
You can use your tentacles to constrict eight enemies at once.
Your skin changes colour to match your surroundings (Stealth+).
Your rubbery body absorbs attacks. (AC +1, EV +1)


Message History

A worm comes into view.
An orc comes into view. It is wielding a +0 club.
Pikel says, "Hell isn't that bad."
An orc priest comes into view.
An orc comes into view. It is wielding a +0 club.
The orc priest moves out of view.
The orc priest shouts!
The orc shouts! x2
You hear a shout!
An orc comes into view.
The orc hits you but does no damage.
The orc priest drinks a potion.
The orc priest flickers and vanishes!
Deactivating autopickup; reactivate with Ctrl-A.
Unknown command.
The orc closely misses you.
The orc throws a boomerang.
The weapon returns to the orc!
You open the door. The orc barely misses you.
You hear something call down the wrath of Beogh upon you.
Beogh smites you!
Ouch! That really hurt!
You die...

#..
##.###.#########..
... +......... ###
w.. #.........
#...oo..o.
##5.##..##
###K5##..#
#...o.....+
#.o.......#
##@######.# #.# #
... ..... .......
##+######


You could see Pikel, 2 lemures and 3 orcs.

Vanquished Creatures
  2 adders (D:2)
  A goblin (D:1)
  A hobgoblin (D:1)
  A kobold (D:1)
  A rat (D:1)
6 creatures vanquished.

Notes
Turn   | Place    | Note
-------+----------+-------------------------------------------
     0 | D:1      | Zeld the Octopode Gladiator began the quest for the Orb.
     0 | D:1      | Reached XP level 1. HP: 14/14 MP: 1/1
   204 | D:2      | Reached XP level 2. HP: 8/19 MP: 2/2
   325 | D:2      | Reached skill level 4 in Staves
   328 | D:3      | Noticed Robin
   329 | D:3      | Found a glowing golden altar of the Shining One.
   337 | D:3      | Noticed Terence
   593 | D:4      | Noticed a lemure
   593 | D:4      | Noticed a lemure
   593 | D:4      | Noticed a lemure
   593 | D:4      | Noticed Pikel
   593 | D:4      | Noticed a lemure
   697 | D:4      | Killed from afar by an orc priest

Illustrated notes

Levels and vault maps discovered:
D:1:      dpeg_arrival_simpleton_c, layout_basic
D:2:      layout_basic, serial_co_window_serial, co_window_of_opportunity_a,
          co_window_corner_a, co_window_paths_a, co_window_paths_a,
          co_window_corner_a, co_window_unsneaky_path_b,
          co_window_unsneaky_path_c, co_window_corner_b, co_window_broadway_c,
          co_window_corner_b, co_window_4corner_b, glass_columns_c,
          glass_columns_c, okawaru_ov_weapons_minmay, uniq_natasha
D:3:      layout_rooms, lemuel_altar_in_water, uniq_ijyb, uniq_robin,
          uniq_terence
D:4:      layout_gridville, kennysheep_mini_moat, gup_sewer_entry_pipe,
          kennysheep_generic_room_3, uniq_pikel

Skill      XL: |  1  2 |
---------------+-------+-----
Staves         | 4 |  4.0
Fighting       | |  2.0
Throwing       | |  2.0
Dodging        | |  3.0

Action                   || total
-------------------------++-------
Melee: Quarterstaff      ||    12
       Tentacles         ||     4
       Constrict         ||     3
 Stab: Sleeping          ||     1
Dodge: Dodged            ||    11
